 Dungeon Sprint DCSS version 0.28.0-47-ge53b351184 (webtiles) character file.

Game seed: 15882478311782945212

2232 Groucho the Covert (level 9, 0/39 HPs)
             Began as a Spriggan Enchanter on Apr 30, 2022.
             Was the Champion of Wu Jian.
             Slain by a death yak (20 damage)
             ... in the Dungeon (Sprint VII: "The Pits").
             The game lasted 00:08:41 (2415 turns).

Groucho the Covert (Spriggan Enchanter)             Turns: 2415, Time: 00:08:42

Health: 0/39       AC:  2    Str:  9    XL:     9   Next: 14%
Magic:  15/25      EV: 29    Int: 16    God:    Wu Jian [******]
Gold:   0          SH:  0    Dex: 18    Spells: 20/31 levels left

rFire   . . .      SeeInvis +   q - +2 rapier (holy)
rCold   . . .      Faith    .   (no shield)
rNeg    . . .      Spirit   .   b - +0 robe
rPois   .          Reflect  .   (helmet restricted)
rElec   .          Harm     .   (no cloak)
rCorr   .          Rampage  .   (gloves unavailable)
Will    +....      NoTele   +   (boots unavailable)
Stlth   ++++++....              (no amulet)
HPRegen 0.13/turn               o - +3 ring of strength
MPRegen 0.19/turn               p - +3 ring of evasion

@: confusing by touch, very quick
A: very small, no large weapons, unfitting armour, see invisible, speed 3
a: Renounce Religion, Wall Jump, Serpent's Lash, Heavenly Storm


You were in the Dungeon.
You worshipped Wu Jian.
Wu Jian was exalted by your worship.
You visited 1 branch

Inventory:

Hand Weapons
 j - a +2 dagger
 m - a +2 dagger of venom
 n - a +2 dagger of distortion
 q - a +2 rapier of holy wrath (weapon)
 t - a +3 dagger
Missiles
 l - 12 stones (quivered)
 u - a curare-tipped dart
Armour
 b - a +0 robe (worn)
Jewellery
 o - a +3 ring of strength (left hand)
 p - a +3 ring of evasion (right hand)
Scrolls
 a - 5 scrolls of amnesia
 i - a scroll of blinking
 k - a scroll of summoning
Potions
 c - 3 potions of invisibility
 d - 7 potions of curing
 e - 14 potions of heal wounds
 f - 2 potions of haste
 g - 4 potions of magic
 h - 3 potions of berserk rage
 r - a potion of mutation
 s - a potion of brilliance


   Skills:
 + Level 10.3 Short Blades
 + Level 12.4 Dodging
 + Level 14.9 Stealth
 + Level 11.5 Spellcasting
 + Level 11.8 Hexes


You had 20 spell levels left.
You knew the following spells:

 Your Spells              Type           Power      Damage    Failure   Level
a - Confusing Touch       Hex            47%        N/A       1%          3
b - Ensorcelled Hibernat  Hex/Ice        56%        N/A       1%          2
c - Dazzling Flash        Conj/Hex       56%        N/A       1%          3
d - Tukima's Dance        Hex            47%        N/A       1%          3

Your spell library contained the following spells:

 Spells                   Type           Power      Damage    Failure   Level


Dungeon Overview and Level Annotations

Branches:
Dungeon (1/1)

Altars:
Ashenzari
Cheibriados
Dithmenos
Elyvilon
Fedhas
Gozag
Hepliaklqana
Kikubaaqudgha
Makhleb
Nemelex Xobeh
Okawaru
Qazlal
Ru
Sif Muna
Trog
Uskayaw
Vehumet
Wu Jian
Xom
Yredelemnul
Zin
The Shining One
Beogh
Jiyva
Lugonu


Innate Abilities, Weirdness & Mutations

You are very small and have problems with some larger weapons.
You are too small for most types of armour.
You have supernaturally acute eyesight. (SInv)
You cover ground extremely quickly. (Speed+++)


Message History

There is a huge open gate to the Metal Vault (Medium) here.
The death yak bellows!
You hear a bellow!
Casting: Ensorcelled Hibernation (safe; 1% risk of failure)
Confirm with . or Enter, or press ? or * to list all spells.
You don't know that spell.
Unknown command.
Casting: Ensorcelled Hibernation (safe; 1% risk of failure)
Confirm with . or Enter, or press ? or * to list all spells.
Aiming: Ensorcelled Hibernation (safe; 1% risk of failure)
Press: ? - help, Shift-Dir - straight line, f - death yak
Aim: a death yak (chance to affect: 4%)
The death yak resists with almost no effort.
The death yak bellows! x2
A yaktaur comes into view.
There is a huge open gate to the Metal Vault (Medium) here.
Casting: Ensorcelled Hibernation (safe; 1% risk of failure)
Confirm with . or Enter, or press ? or * to list all spells.
Aiming: Ensorcelled Hibernation (safe; 1% risk of failure)
Press: ? - help, Shift-Dir - straight line, f/p - death yak
Aim: a death yak (chance to affect: 4%)
The death yak resists with almost no effort.
Casting: Ensorcelled Hibernation (safe; 1% risk of failure)
Confirm with . or Enter, or press ? or * to list all spells.
Aiming: Ensorcelled Hibernation (safe; 1% risk of failure)
Press: ? - help, Shift-Dir - straight line, f/p - death yak
Aim: a death yak (chance to affect: 4%)
The death yak resists with almost no effort.
There is a huge open gate to the Metal Vault (Medium) here.
Things that are here:
a +0 spear; a gnoll corpse
Casting: Ensorcelled Hibernation (safe; 1% risk of failure)
Confirm with . or Enter, or press ? or * to list all spells.
Okay, then.
You see here a +0 trident.
Casting: Ensorcelled Hibernation (safe; 1% risk of failure)
Confirm with . or Enter, or press ? or * to list all spells.
Your hands begin to glow red.
The death yak barely misses you.
You hit the death yak but do no damage. The death yak gores you!! x2
Ouch! That really hurt!
You die...

_______.# _______.#
_____...###########++######
#######'##................#
..')))'.##......#..#......#
#######.##................+
.........).)).............+
####'#####..))..#Y.#......#
...#)#[[##......@YY.......#
...#.#).#####'#####)'######
...'.#))##.......##'Y#
#'####))##.......##..#
..รท..#..##.......##Y.#
.....#'###...<...##..####
........##.......##..#..### ##
........##.......##..#....## ..#
##########.......##..'.....#...#o


You could see 3 death yaks.

Vanquished Creatures
  A deep elf zephyrmancer (D)
  A smoke demon (D)
  A red devil (D)
  2 polar bears (D)
  A water moccasin (D)
  A sky beast (D)
  A black bear (D)
  A phantom (D)
  A kobold brigand (D)
  2 bullfrogs (D)
  A gnoll sergeant (D)
  2 scorpions (D)
  A quasit (D)
  An iguana (D)
  A mummy (D)
  4 gnolls (D)
  An adder (D)
  A worm (D)
  An endoplasm (D)
  2 hobgoblins (D)
  A ball python skeleton (D)
  A frilled lizard (D)
  A giant cockroach zombie (D)
  2 goblins (D)
  A kobold (D)
33 creatures vanquished.

Notes
Turn   | Place    | Note
-------+----------+-------------------------------------------
     0 | D        | Groucho the Spriggan Enchanter began the quest for the Orb.
     0 | D        | Reached XP level 1. HP: 9/9 MP: 5/5
    12 | D        | Reached skill level 5 in Stealth
    12 | D        | Reached XP level 2. HP: 13/13 MP: 7/7
    39 | D        | Found a bloodstained altar of Trog.
    39 | D        | Found a shimmering blue altar of Sif Muna.
    39 | D        | Found a viscous altar of Jiyva.
    39 | D        | Found a hazy altar of Hepliaklqana.
    39 | D        | Found an opulent altar of Gozag.
    40 | D        | Found a glowing golden altar of the Shining One.
    40 | D        | Found a glowing silver altar of Zin.
    40 | D        | Found a basalt altar of Yredelemnul.
    40 | D        | Found a shimmering altar of Xom.
    40 | D        | Found an ornate altar of the Wu Jian Council.
    40 | D        | Found a sacrificial altar of Ru.
    40 | D        | Found a stormy altar of Qazlal.
    40 | D        | Found an iron altar of Okawaru.
    40 | D        | Found a sparkling altar of Nemelex Xobeh.
    40 | D        | Found a burning altar of Makhleb.
    40 | D        | Found a blossoming altar of Fedhas.
    40 | D        | Found a white marble altar of Elyvilon.
    40 | D        | Found a shadowy altar of Dithmenos.
    40 | D        | Found a snail-covered altar of Cheibriados.
    42 | D        | Found a radiant altar of Vehumet.
    42 | D        | Found a corrupted altar of Lugonu.
    43 | D        | Found a hide-covered altar of Uskayaw.
    43 | D        | Found an ancient bone altar of Kikubaaqudgha.
    43 | D        | Found a broken altar of Ashenzari.
    49 | D        | Became a worshipper of the Wu Jian Council
    63 | D        | Noticed a scorpion
    67 | D        | Killed a scorpion
    68 | D        | Reached skill level 5 in Dodging
    68 | D        | Reached skill level 7 in Stealth
    68 | D        | Reached skill level 5 in Hexes
    68 | D        | Reached XP level 3. HP: 16/16 MP: 8/10
    68 | D        | Reached XP level 4. HP: 21/21 MP: 8/11
    69 | D        | Noticed a scorpion
    71 | D        | Killed a scorpion
    71 | D        | Reached * piety under Wu Jian
    72 | D        | Reached skill level 8 in Stealth
    72 | D        | Reached skill level 5 in Spellcasting
   103 | D        | Noticed a water moccasin
   116 | D        | Learned a level 3 spell: Confusing Touch
   119 | D        | Learned a level 2 spell: Ensorcelled Hibernation
   123 | D        | Learned a level 3 spell: Dazzling Flash
   127 | D        | Learned a level 3 spell: Tukima's Dance
   131 | D        | Reached ** piety under Wu Jian
   140 | D        | Killed a water moccasin
   141 | D        | Reached skill level 5 in Short Blades
   141 | D        | Reached skill level 9 in Stealth
   141 | D        | Reached XP level 5. HP: 16/24 MP: 4/15
   474 | D        | Reached *** piety under Wu Jian
   475 | D        | Reached XP level 6. HP: 28/28 MP: 17/17
   491 | D        | Reached skill level 10 in Stealth
   500 | D        | Reached **** piety under Wu Jian
   671 | D        | Noticed a sky beast
   672 | D        | Killed a sky beast
   673 | D        | Reached skill level 11 in Stealth
   674 | D        | Noticed a polar bear
   675 | D        | Killed a polar bear
   676 | D        | Reached XP level 7. HP: 32/32 MP: 17/20
   714 | D        | Reached skill level 10 in Dodging
   714 | D        | Reached skill level 12 in Stealth
   844 | D        | Reached ***** piety under Wu Jian
  1190 | D        | Noticed a polar bear
  1199 | D        | Killed a polar bear
  1200 | D        | Reached skill level 10 in Hexes
  1200 | D        | Reached XP level 8. HP: 32/36 MP: 16/22
  1345 | D        | Noticed a red devil
  1345 | D        | Noticed a deep elf zephyrmancer
  1380 | D        | Killed a red devil
  1381 | D        | Reached skill level 13 in Stealth
  1381 | D        | Reached skill level 10 in Spellcasting
  1975 | D        | Killed a deep elf zephyrmancer
  1976 | D        | Reached skill level 14 in Stealth
  2045 | D        | Noticed a death yak
  2045 | D        | Noticed a death yak
  2047 | D        | Noticed a death yak
  2213 | D        | Reached ****** piety under Wu Jian
  2214 | D        | Reached skill level 10 in Short Blades
  2322 | D        | Noticed a smoke demon
  2325 | D        | Killed a smoke demon
  2326 | D        | Reached XP level 9. HP: 39/39 MP: 20/25
  2398 | D        | Noticed a death yak
  2404 | D        | Noticed a yaktaur
  2415 | D        | Slain by a death yak

Illustrated notes

Levels and vault maps discovered:
D:        pitsprint [storerooms_1, entrance_room_1, metal_vault_1, armoury_1,
          mini_pit_1, grid_room_1, main_hall_1, silver_pit, the_coven_2,
          the_vestibule_1, steel_vault_2, golden_pit, hallway_of_sentries,
          crystal_vault_5, iron_vault_5, final_vault]

Skill      XL: |  1  2  3  4  5  6  7  8 |
---------------+-------------------------+-----
Short Blades   | 2 3 5 6 7 8 10 | 10.3
Dodging        | 3 5 7 9 10 12 | 12.4
Stealth        | 5 7 9 11 12 14 | 14.9
Spellcasting   | 3 4 6 7 9 11 | 11.5
Hexes          | 4 5 7 9 10 11 | 11.8

Action                   |  1- 3 |  4- 6 |  7- 9 || total
-------------------------+-------+-------+-------++-------
Melee: Dagger            |     3 |    24 |    29 ||    56
       Rapier            |       |       |    19 ||    19
 Cast: Ensorcelled Hiber |       |     7 |    25 ||    32
       Confusing Touch   |       |     2 |     4 ||     6
       Dazzling Flash    |       |       |     2 ||     2
Invok: Lunge             |     1 |     7 |     5 ||    13
       Whirlwind         |       |     2 |       ||     2
 Abil: Wall Jump         |       |       |     1 ||     1
 Stab: Sleeping          |     3 |    12 |    12 ||    27
       Confused          |       |     1 |     2 ||     3
       Invisible         |       |       |     1 ||     1
Armor: Robe              |       |       |     2 ||     2
Dodge: Dodged            |       |     6 |    37 ||    43
